AoeStats
← B!G SPARKY

Fortress

509205532Analyzed
2v2 RM · 7d ago on Sep 25, 2026· 21m 44s· 4 players
Game mode
Random Map
Map size
Normal (6 player)
Population
200
Speed
Normal
Resources
Standard
Victory
Conquest
Starting age
Dark Age
Ending age
Imperial Age
RankedLock teamsTeams togetherTeam positionsShared explorationLock speedFull tech treeHidden civsTurbo modeCheats
Victory
Defeat
🇹🇷 Khmer · Türkiye
1138
+14
🇹🇷 Goths · Türkiye
1066
+17
🇨🇿 Spanish · Czechia
1094
-16
🇨🇿 Romans · Czechia
1081
-15
wajtovskej
0:27 Loom
2:01 Loom
7:49 Feudal Age
9:41 Double-Bit Axe
10:45 Wheelbarrow
14:02 Castle Age
13:30 Forging
13:20 Scale Mail Armor
12:44 Man-at-Arms
13:50 Horse Collar
15:27 Gold Mining
19:58 Bow Saw
19:50 Heavy Plow
20:39 Long Swordsman
Martin R.
7:00 Feudal Age
7:42 Double-Bit Axe
11:18 Town Watch
13:57 Castle Age
11:52 Horse Collar
14:29 Wheelbarrow
15:23 Gold Mining
15:47 Bow Saw
15:38 Heavy Plow
16:45 Stone Mining
B!G SPARKY
7:37 Feudal Age
11:51 Castle Age
9:55 Horse Collar
16:24 Scale Mail Armor
17:28 Chain Mail Armor
18:29 Squires
18:31 Loom
19:52 Forging
HolyGhost
8:11 Feudal Age
11:34 Castle Age
9:50 Double-Bit Axe
9:47 Horse Collar
9:59 Gold Mining
Connection lost

Rejoining the realm…

Still unreachable

The connection could not be restored.

Session expired

The server has moved on; the page needs a fresh start.